 Dungeon Crawl Stone Soup version 0.22-a0-482-g76e0a5f (webtiles) character file.

22683 vineage the Basher (level 12, 0/94 HPs)
             Began as a Demonspawn Berserker on June 17, 2018.
             Was a High Priest of Trog.
             Slain by an eight-headed hydra (2 damage)
             ... on level 5 of the Lair of Beasts.
             The game lasted 00:20:58 (11871 turns).

vineage the Basher (Demonspawn Berserker)          Turns: 11871, Time: 00:20:59

Health: 0/94       AC: 16    Str: 19    XL:     12   Next: 65%
Magic:  13/13      EV: 17    Int:  9    God:    Trog [*****.]
Gold:   832        SH: 17    Dex: 16    Spells: 11/11 levels left

rFire    . . .     SeeInvis .   n - +1 whip (distort)
rCold    + . .     Gourm    .   Q - +0 large shield
rNeg     . . .     Faith    .   s - +0 scale mail
rPois    .         Spirit   .   (helmet restricted)
rElec    .         Reflect  .   G - +0 cloak
rCorr    .         Harm     .   F - +1 pair of gloves
MR       +....     Clarity  +   H - +0 pair of boots
Stlth    +.........             K - amulet of regeneration
HPRegen  0.65/turn              r - +6 ring of evasion
MPRegen  0.13/turn              (no ring)

@: lethally poisoned (0 -> -1), about to teleport
A: antennae 2, thin metallic scales 2, clarity, cold resistance 1, magic
resistance 1, powered by death 2, freezing cloud immunity
a: Berserk, Trog's Hand, Brothers in Arms, Renounce Religion


You were on level 5 of the Lair of Beasts.
You worshipped Trog.
Trog was extremely pleased with you.
You were not hungry.

You visited 2 branches of the dungeon, and saw 15 of its levels.

You collected 832 gold pieces.

Inventory:

Hand Weapons
 a - a +1 mace
 n - a +1 whip of distortion (weapon)
 p - a cursed -1 flail
Armour
 b - a +0 animal skin
 h - a +1 pair of gloves
 m - a +0 ring mail
 s - a +0 scale mail (worn)
 y - a +0 shield
 F - a +1 pair of gloves (worn)
 G - a +0 cloak (worn)
 H - a +0 pair of boots (worn)
 Q - a +0 large shield (worn)
Jewellery
 r - a +6 ring of evasion (left hand)
 A - an uncursed amulet of magic regeneration
 K - an amulet of regeneration (around neck)
Wands
 q - a wand of paralysis (27)
 J - a wand of flame (17)
 N - a wand of iceblast (13)
 S - a wand of disintegration (6)
Scrolls
 d - 4 scrolls of enchant weapon
 l - a scroll of blinking
 t - 6 scrolls of teleportation
 u - 8 scrolls of remove curse
 x - a scroll of noise {unknown}
 B - a scroll of magic mapping {unknown}
 C - a scroll of immolation {unknown}
 D - a scroll of fear
 E - 2 scrolls of random uselessness
 I - 6 scrolls of enchant armour
 M - a scroll of fog {unknown}
 P - 2 scrolls of identify
 R - a scroll of vulnerability {unknown}
Potions
 e - 6 potions of curing
 f - a potion of heal wounds
 g - 2 potions of might
 i - a potion of magic
 j - 4 potions of lignification
 k - a potion of flight
 o - 2 potions of haste
 v - a potion of agility
 w - 2 potions of brilliance
 z - 3 potions of resistance
Miscellaneous
 L - a lightning rod (4/4)
 O - a fan of gales
Comestibles
 c - 37 rations


   Skills:
 + Level 8.8 Fighting
 + Level 11.7 Maces & Flails
 + Level 8.6 Armour
 + Level 7.1 Dodging
 - Level 1.6 Stealth
 + Level 9.0 Shields
 + Level 1.8 Evocations


You had 11 spell levels left.
You didn't know any spells.
Your spell library was empty.

Dungeon Overview and Level Annotations

Branches:
Dungeon (10/15)            Temple (0/1) D:7            Lair (5/6) D:10
  Swamp (0/4) Lair:3        Snake (0/4) Lair:3
  Slime: Lair:5-6       Orc: D:9-12

Altars:
Ashenzari
Cheibriados
Dithmenos
Elyvilon
Gozag
Kikubaaqudgha
Nemelex Xobeh
Okawaru
Sif Muna
Trog
Vehumet
Wu Jian
Xom
The Shining One

Shops:
D:5 !   D:8 %

Annotations:
D:3 1 runed door
Lair:4 Harold
Abyss:1 Grinder, Ijyb


Innate Abilities, Weirdness & Mutations

You have a pair of antennae on your head.
You are mostly covered in thin metallic scales. (AC +3)
Your flesh is cold resistant. (rC+)
You regenerate health from kills.
You are immune to freezing clouds.
You possess an exceptional clarity of mind.
You are resistant to hostile enchantments. (MR+)


Message History

You block the eight-headed hydra's attack.
The eight-headed hydra bites you but does no damage.
You block the eight-headed hydra's attack.
The eight-headed hydra bites you!
* * * LOW HITPOINT WARNING * * *
The eight-headed hydra bites you.
* * * LOW HITPOINT WARNING * * *
The eight-headed hydra bites you!
* * * LOW HITPOINT WARNING * * *
The eight-headed hydra bites you but does no damage.
The eight-headed hydra completely misses you.
As you read the scroll of teleportation, it crumbles to dust.
You feel strangely unstable.
You block the eight-headed hydra's attack.
The eight-headed hydra closely misses you.
The eight-headed hydra bites you!
* * * LOW HITPOINT WARNING * * *
You block the eight-headed hydra's attack.
The eight-headed hydra bites you.
You die...

...P#####............
.......#.#..............
....P....................
.......##....>...........
.......#.#.#P$.P........
...§......#..h.# .P..#
............#.####.#P.#
...........##.###.....#
(..........#..hD@.....#
..........P...§#§......#
.........................
............#............
..........#..............
.......#.#####...........
.......### #...........
......# ##..........
...### ......


You could see an eight-headed hydra and a wolf.

Vanquished Creatures
  A hydra (Lair:4)
  A catoblepas (Lair:3)
  A death yak (Lair:2)
  A two-headed ogre (D:9)
  5 spiny frogs
  A rime drake (Lair:5)
  2 komodo dragons (Lair:2)
  10 blink frogs (Lair:3)
  5 dream sheep (Lair:4)
  5 hippogriffs
  3 wyverns
  8 yaks
  A basilisk (Lair:2)
  2 vampire mosquitoes (Lair:3)
  5 water moccasins
  4 ice beasts
  2 sky beasts
  3 orc warriors (D:9)
  6 porcupines
  An eye of draining (D:10)
  5 wolves
  6 ogres
  3 centaurs
  4 crocodiles (Lair:4)
  2 big kobolds (D:8)
  A gnoll sergeant (D:8)
  15 bullfrogs
  3 scorpions
  A wight (D:8)
  A howler monkey (D:6)
  An electric eel (Lair:3)
  2 crimson imps
  A quasit (D:7)
  4 hounds
  9 orc wizards
  7 orc priests
  4 jellies
  A bullfrog skeleton (D:7)
  2 iguanas
  4 worker ants
  4 yak simulacra (Lair:2)
  A wolf simulacrum (Lair:2)
  A worker ant zombie (D:8)
  16 gnolls
  14 adders
  2 shadow imps
  2 oozes
  4 worms
  An adder skeleton (D:8)
  6 leopard geckos
  32 orcs
  2 giant cockroaches
  3 goblins
  11 hobgoblins
  6 jackals
  5 quokkas
  6 bats
  3 frilled lizards (D:2)
  A jackal zombie (D:6)
  12 kobolds
  A leopard gecko skeleton (D:8)
  8 rats
  4 river rat simulacra (Lair:2)
  A fungus (Lair:3)
289 creatures vanquished.

Vanquished Creatures (collateral kills)
  A water moccasin (Lair:5)
  A yak simulacrum (Lair:2)
  A wolf simulacrum (Lair:2)
3 creatures vanquished.

Vanquished Creatures (others)
  A two-headed ogre (D:9)
  The ghost of nono the Ruffian, a journeyman VSHu of Cheibriados (D:10)
  A death yak (Lair:2)
  A necromancer (Lair:2)
  A black mamba (Lair:5)
  A torpor snail (Lair:4)
  2 spiny frogs
  A gargoyle (D:8)
  2 komodo dragons
  The ghost of Tiareth the Grave Robber, an amateur DDNe (D:5)
  A hippogriff (Lair:5)
  3 blink frogs (Lair:3)
  2 dream sheep (Lair:4)
  4 yaks
  A steam dragon (D:9)
  A water moccasin (Lair:3)
  2 orc warriors
  3 ice beasts
  An ogre (D:5)
  A wolf (Lair:5)
  2 centaurs
  A crocodile (Lair:2)
  2 bullfrogs
  A wight (D:8)
  An electric eel (Lair:3)
  An orc wizard (D:7)
  An iguana (D:10)
  A worker ant (D:9)
  5 gnolls
  An adder zombie (D:5)
  3 orcs
  18 fungi (Lair:3)
  7 plants
75 creatures vanquished.

Grand Total: 367 creatures vanquished

Notes
Turn   | Place    | Note
-------+----------+-------------------------------------------
     0 | D:1      | vineage the Demonspawn Berserker began the quest for the Orb.
     0 | D:1      | Reached XP level 1. HP: 18/18 MP: 1/1
   310 | D:1      | Gained mutation: You are partially covered in thin metallic scales. (AC +2) [demonic ancestry]
   310 | D:1      | Reached XP level 2. HP: 24/24 MP: 2/2
   768 | D:1      | Found a glowing golden altar of the Shining One.
   845 | D:2      | Reached skill level 3 in Maces & Flails
   938 | D:2      | Gained mutation: You have a pair of small antennae on your head. [demonic ancestry]
   938 | D:2      | Reached XP level 3. HP: 27/29 MP: 3/3
   949 | D:2      | Found a snail-covered altar of Cheibriados.
  1031 | D:2      | Reached ** piety under Trog
  1192 | D:2      | Gained mutation: Your flesh is cold resistant. (rC+) [demonic ancestry]
  1192 | D:2      | Reached XP level 4. HP: 35/35 MP: 4/4
  1783 | D:3      | Reached skill level 4 in Maces & Flails
  1818 | D:3      | Gained mutation: You regenerate a little health from kills. [demonic ancestry]
  1818 | D:3      | Reached XP level 5. HP: 37/42 MP: 5/5
  1871 | D:3      | Noticed Ijyb
  1892 | D:3      | Found a white marble altar of Elyvilon.
  1892 | D:3      | Found a runed door.
  1892 | D:3      | Noticed an angel
  1906 | D:3      | Found an iron altar of Okawaru.
  1968 | D:3      | Noticed an ice beast
  1975 | D:3      | Killed an ice beast
  1975 | D:3      | Reached skill level 5 in Maces & Flails
  1975 | D:3      | Gained mutation: You are mostly covered in thin metallic scales. (AC +3) [demonic ancestry]
  1975 | D:3      | Reached XP level 6. HP: 48/48 MP: 6/6
  2097 | D:3      | Banished Ijyb
  2140 | D:3      | Reached *** piety under Trog
  2388 | D:4      | Gained mutation: You have a pair of antennae on your head. [demonic ancestry]
  2388 | D:4      | Reached XP level 7. HP: 54/54 MP: 7/7
  2590 | D:4      | Reached skill level 6 in Maces & Flails
  2643 | D:4      | Found an ancient bone altar of Kikubaaqudgha.
  2648 | D:4      | Found a radiant altar of Vehumet.
  2655 | D:4      | Found a deep blue altar of Sif Muna.
  2887 | D:5      | Entered Level 5 of the Dungeon
  2894 | D:5      | Noticed Tiareth's ghost (amateur DDNe)
  2917 | D:5      | Banished Tiareth's ghost
  2917 | D:5      | Reached skill level 1 in Stealth
  2917 | D:5      | Reached XP level 8. HP: 38/61 MP: 8/8
  2963 | D:5      | Found Minnyrorph's Distillery.
  3039 | D:5      | Found a shadowy altar of Dithmenos.
  3215 | D:5      | Reached skill level 1 in Shields
  3338 | D:5      | Found a shattered altar of Ashenzari.
  3338 | D:5      | Found a sparkling altar of Nemelex Xobeh.
  3365 | D:5      | Noticed Grinder
  3399 | D:5      | Reached skill level 7 in Maces & Flails
  3562 | D:5      | Paralysed by Grinder for 2 turns
  3567 | D:5      | Banished Grinder
  3884 | D:6      | Found a shimmering altar of Xom.
  3917 | D:6      | Reached skill level 5 in Fighting
  4059 | D:7      | Reached skill level 5 in Armour
  4059 | D:7      | Reached XP level 9. HP: 68/68 MP: 9/9
  4064 | D:7      | Reached skill level 8 in Maces & Flails
  4069 | D:7      | Found a staircase to the Ecumenical Temple.
  4304 | D:7      | Reached **** piety under Trog
  4525 | D:7      | Found a sand-covered staircase.
  4793 | D:7      | Found a bloodstained altar of Trog.
  5037 | D:8      | Noticed a gargoyle
  5040 | D:8      | Banished a gargoyle
  5156 | D:8      | Reached skill level 9 in Maces & Flails
  5220 | D:8      | Found an opulent altar of Gozag.
  5364 | D:8      | Found Cenirch's Food Emporium.
  5489 | D:8      | Noticed a two-headed ogre
  5622 | D:8      | Found an ornate altar of the Wu Jian Council.
  5657 | D:8      | Gained mutation: You are immune to freezing clouds. [demonic ancestry]
  5657 | D:8      | Reached XP level 10. HP: 74/76 MP: 10/10
  5959 | D:9      | Noticed a two-headed ogre
  5964 | D:9      | Banished a two-headed ogre
  5964 | D:9      | Reached skill level 5 in Dodging
  5964 | D:9      | Reached skill level 5 in Shields
  6079 | D:9      | Reached ***** piety under Trog
  6504 | D:9      | Found an ancient bone altar of Kikubaaqudgha.
  6731 | D:9      | Noticed a two-headed ogre
  6771 | D:9      | Killed a two-headed ogre
  6835 | D:9      | Gained mutation: You possess an exceptional clarity of mind. [potion of mutation]
  6835 | D:9      | Gained mutation: You are resistant to hostile enchantments. (MR+) [potion of mutation]
  6859 | D:10     | Entered Level 10 of the Dungeon
  6860 | D:10     | Found a staircase to the Lair.
  6932 | D:10     | Noticed nono's ghost (journeyman VSHu)
  7077 | D:10     | Banished nono's ghost
  7077 | D:10     | Reached skill level 10 in Maces & Flails
  7482 | Lair:1   | Entered Level 1 of the Lair of Beasts
  8029 | Lair:2   | Noticed a death yak
  8045 | Lair:2   | Noticed a death yak
  8045 | Lair:2   | Noticed a death yak
  8106 | Lair:2   | Banished a death yak
  8106 | Lair:2   | Gained mutation: You regenerate health from kills. [demonic ancestry]
  8106 | Lair:2   | Reached XP level 11. HP: 67/83 MP: 11/11
  8146 | Lair:2   | Banished a death yak
  8321 | Lair:2   | Killed a death yak
  8859 | Lair:2   | Noticed a necromancer
  8866 | Lair:2   | Banished a necromancer
  9262 | Lair:3   | Noticed a catoblepas
  9330 | Lair:3   | Killed a catoblepas
  9396 | Lair:3   | Reached skill level 11 in Maces & Flails
  9517 | Lair:3   | Found a staircase to the Snake Pit.
  9574 | Lair:3   | Found a staircase to the Swamp.
 10043 | Lair:3   | Reached XP level 12. HP: 92/93 MP: 12/12
 10603 | Lair:4   | Noticed a four-headed hydra
 10614 | Lair:4   | Killed a four-headed hydra
 10838 | Lair:4   | Reached skill level 1 in Evocations
 11061 | Lair:4   | Noticed Harold
 11786 | Lair:5   | Noticed an eight-headed hydra
 11871 | Lair:5   | HP: 2/94 [eight-headed hydra (11)]
 11871 | Lair:5   | Slain by an eight-headed hydra

Vault maps used:
D:1:      elethiomel_arrival_quiet, tso_metal_star
D:2:      cheibriados_altar_1, first_ration
D:3:      lemuel_round_altar, lemuel_angel_altar, uniq_ijyb
D:4:      grunt_temple_overflow_magic_moments, minmay_unequal
D:5:      gammafunk_temple_overflow_forgotten, serial_shops,
          nicolae_shop_crystal, uniq_grinder
D:6:      xom_teletrap_fun
D:7:      bloody_trog, minmay_temple_entry_statues_fountains,
          nicolae_ossuary_entry_monument
D:8:      grunt_gozag_statues, kennysheep_mini, serial_shops, shop,
          blue_anna_alchemist, minivault_1, nicolae_water_bricks
D:9:      basic_altar
D:10:     lair_entry_dummy
Lair:2:   eino_house_with_fridge
Lair:3:   minmay_swamp_entry_swarm, dummy_snake_entry
Lair:4:   nicolae_lair_grove_arrangements, grunt_megastairs_4, uniq_harold

Skill      XL: |  1  2  3  4  5  6  7  8  9 10 11 12 |
---------------+-------------------------------------+-----
Dodging        | 2 3 4 5 6 7 |  7.1
Maces & Flails | 3 4 5 6 7 9 10 11 | 11.7
Armour         | 2 4 5 6 8 |  8.6
Fighting       | 4 5 6 8 |  8.8
Stealth        | 1 |  1.6
Shields        | 2 4 6 7 9 |  9.0
Evocations     | 1 |  1.8

Action                   |  1- 3 |  4- 6 |  7- 9 | 10-12 || total
-------------------------+-------+-------+-------+-------++-------
Melee: Mace              |    60 |       |       |       ||    60
       Whip              |    36 |   133 |   494 |   960 ||  1623
Invok: Berserk           |       |     3 |     5 |     1 ||     9
       Trog's Hand       |       |     1 |     2 |     2 ||     5
       Brothers in Arms  |       |       |       |     3 ||     3
Evoke: Wand              |       |       |       |    10 ||    10
  Use: Scroll            |     8 |     2 |     1 |     9 ||    20
       Potion            |       |       |       |     5 ||     5
 Stab: Sleeping          |     1 |       |       |       ||     1
       Petrified         |       |       |       |     4 ||     4
  Eat: Chunk             |       |     6 |    11 |    17 ||    34
       Ration            |       |     1 |     1 |     3 ||     5
Armor: Ring mail         |    26 |       |       |       ||    26
       Scale mail        |     1 |    14 |    92 |   157 ||   264
Dodge: Dodged            |    68 |    92 |   195 |   373 ||   728
Block: Shield            |       |     4 |   156 |   296 ||   456
       Large shield      |       |       |       |    74 ||    74

Table legend:
 A = Spawn XP
 B = Non-spawn XP
 C = Spawn XP percentage of total XP
 D = Spawn monster count
 E = Non-spawn monster count
 F = Spawn count percentage of total count
 G = Total turns spent on level
                    A         B        C        D         E        F      G
               +---------+---------+-------+---------+---------+-------+---------
         Total |       0 |   32405 |   0.0 |       0 |     344 |   0.0 | 11871
               +---------+---------+-------+---------+---------+-------+---------
           D:1 |       0 |      20 |   0.0 |       0 |      10 |   0.0 |   839
           D:2 |       0 |     100 |   0.0 |       0 |      30 |   0.0 |   855
           D:3 |       0 |     395 |   0.0 |       0 |      28 |   0.0 |   547
           D:4 |       0 |     633 |   0.0 |       0 |      18 |   0.0 |   646
           D:5 |       0 |     935 |   0.0 |       0 |      13 |   0.0 |   724
           D:6 |       0 |     645 |   0.0 |       0 |      23 |   0.0 |   414
           D:7 |       0 |    1529 |   0.0 |       0 |      31 |   0.0 |   844
           D:8 |       0 |    1450 |   0.0 |       0 |      38 |   0.0 |   943
           D:9 |       0 |    2891 |   0.0 |       0 |      26 |   0.0 |  1047
          D:10 |       0 |    1651 |   0.0 |       0 |      18 |   0.0 |   623
        Lair:1 |       0 |     502 |   0.0 |       0 |       4 |   0.0 |   484
        Lair:2 |       0 |    5341 |   0.0 |       0 |      26 |   0.0 |  1136
        Lair:3 |       0 |    7396 |   0.0 |       0 |      38 |   0.0 |  1442
        Lair:4 |       0 |    6565 |   0.0 |       0 |      29 |   0.0 |   832
        Lair:5 |       0 |    2352 |   0.0 |       0 |      12 |   0.0 |   495
               +---------+---------+-------+---------+---------+-------+---------
